 Dungeon Crawl Stone Soup version 0.30-a0-782-ge64f9170bb (webtiles) character file.

Game seed: 16670790995422672564

88 Dirtsage the Chopper (level 4, -1/35 HPs)
             Began as a Demonspawn Fighter on Mar 3, 2023.
             Killed by divine providence
             ... invoked by an orc priest
              (11 damage)
             ... on level 3 of the Dungeon.
             The game lasted 00:01:57 (1545 turns).

Dirtsage the Chopper (Demonspawn Fighter)           Turns: 1545, Time: 00:01:57

Health: -1/35      AC:  6    Str: 18    XL:     4   Next: 30%
Magic:  4/4        EV:  9    Int:  9    God:
Gold:   111        SH:  4    Dex: 13    Spells: 3/3 levels left

rFire   . . .      SeeInvis .    a - +0 war axe
rCold   . . .      Faith    .    c - +0 buckler
rNeg    . . .      Spirit   .    b - +0 scale mail
rPois   .          Reflect  .    (no helmet)
rElec   .          Harm     .    (no cloak)
rCorr   .          Rampage  .    (no gloves)
Will    .....                    (no boots) Stlth
                                 (no amulet)
HPRegen 0.25/turn                (no ring)
MPRegen 0.09/turn                (no ring)

@: no status effects
A: sturdy frame 1
a: no special abilities


You were on level 3 of the Dungeon.
You visited 1 branch of the dungeon, and saw 3 of its levels.

You collected 111 gold pieces.

Inventory:

Hand Weapons
 a - a +0 war axe (weapon)
 h - a +1 heavy mace
Missiles
 l - a throwing net (quivered)
Armour
 b - a +0 scale mail (worn)
 c - a +0 buckler (worn)
Wands
 r - a wand of flame (35)
Scrolls
 e - a scroll of identify {unknown}
 k - a scroll of noise {unknown}
 m - a scroll of poison {unknown}
 o - a scroll of teleportation {unknown}
 q - a scroll of fog {unknown}
 s - a scroll of blinking {unknown}
Potions
 d - a potion of might
 f - a potion of berserk rage {unknown}
 g - a potion of brilliance {unknown}
 i - a potion of resistance {unknown}
 j - a potion of heal wounds {unknown}
 n - a potion of degeneration {unknown}
 p - a potion of mutation {unknown}


   Skills:
 - Level 3.0 Fighting
 + Level 4.2 Axes
 - Level 2.6 Armour
 - Level 2.6 Shields


You had 3 spell levels left.
You didn't know any spells.
Your spell library was empty.

Dungeon Overview and Level Annotations

Branches:
Dungeon (3/15)

Altars:
Ashenzari
Ru

Annotations:
D:3 1 runed translucent door, Crazy Yiuf


Innate Abilities, Weirdness & Mutations

Your movements are slightly less encumbered by armour. (ER -2)


Message History

You kill the bat!
No target in view!
s - a scroll labelled AHIXAWO MARU You see here a +0 leather armour.
Health restored: 35
r - a wand of flame (35) (gained 16 charges) 2 orcs come into view.
The orc shouts!
You hear a shout!
A hobgoblin comes into view.
Found an escape hatch in the floor.
The hobgoblin shouts!
An orc priest comes into view. It is wielding a +0 flail.
An orc comes into view. It is wielding a +0 short sword.
You block the orc's attack.
You slash the orc!
You kill the orc!
A bat comes into view.
The orc hits you but does no damage.
You see here a +0 whip.
You hit the orc.
The orc is lightly wounded.
The orc priest calls upon Beogh to heal the orc.
The orc's wounds heal themselves!
The orc hits you with a +0 falchion! The orc hits you with a +0 falchion.
You take 9 damage, and have 26/35 hp.
MASSIVE DAMAGE!!
You slash the orc!
You kill the orc!
The bat closely misses you. The bat barely misses you.
You hit the orc.
The orc is moderately wounded.
The bat hits you but does no damage. The orc hits you but does no damage.
You hit the orc but do no damage.
The orc is moderately wounded.
The bat barely misses you. The orc closely misses you.
The orc priest calls down the wrath of Beogh upon you.
Beogh smites you! The orc hits you with a +0 short sword.
* * * LOW HITPOINT WARNING * * *
The orc priest mumbles some strange prayers to Beogh against you.
Beogh smites you!
You die... .# .# ##.# $>.## ##... go.

# #o# #.# #. #
#@###.#.#....## #.#
#.##...# #.#..
###.####.....#.#....#
........b._...#.#...##
###.###...........#..##
#.##...........##...#
#.##....⌠.._...†#..#
##.##..........#....#
#......_......†##.#.#


You could see an orc priest, an orc, a hobgoblin and a bat.

Vanquished Creatures
  An adder (D:2)
  3 gnolls (D:2)
  A worm (D:2)
  2 orcs (D:3)
  4 bats
  4 endoplasms
  2 giant cockroaches (D:2)
  2 goblins
  5 hobgoblins
  4 quokkas
  4 ball pythons
  4 frilled lizards
  6 kobolds
  3 rats
45 creatures vanquished.

Notes
Turn   | Place    | Note
-------+----------+-------------------------------------------
     0 | D:1      | Dirtsage the Demonspawn Fighter began the quest for the
                  | Orb.
     0 | D:1      | Reached XP level 1. HP: 18/18 MP: 1/1
   127 | D:1      | Reached skill level 2 in Axes
   294 | D:1      | Gained mutation: Your movements are slightly less
                  | encumbered by armour. (ER -2) [demonic ancestry]
   294 | D:1      | Reached XP level 2. HP: 17/24 MP: 2/2
   541 | D:1      | Found a faded altar of an unknown god.
   919 | D:2      | Reached skill level 3 in Axes
   969 | D:2      | Reached XP level 3. HP: 25/29 MP: 3/3
  1210 | D:2      | Reached skill level 4 in Axes
  1210 | D:2      | Reached XP level 4. HP: 29/35 MP: 4/4
  1454 | D:3      | Found a runed translucent door.
  1455 | D:3      | Noticed Crazy Yiuf
  1480 | D:3      | Found a sacrificial altar of Ru.
  1495 | D:3      | Found a broken altar of Ashenzari.
  1545 | D:3      | Killed from afar by an orc priest

Illustrated notes

Levels and vault maps discovered:
D:1:      tarquinn_simple_flora_water_e, layout_loops_ring,
          shapermc_ecumenical_altar_mp_highgroup, kennysheep_small_spiral
D:2:      layout_basic
D:3:      layout_loops_ring, grunt_temple_overflow_open, minmay_surrounded,
          uniq_crazy_yiuf_cottage, uniq_sigmund, uniq_grinder

Skill      XL: |  1  2  3 |
---------------+----------+-----
Axes           | 2 3 4 |  4.2
Fighting       | |  3.0
Armour         | |  2.6
Shields        | |  2.6

Action                     |  1- 3 |  4- 6 || total
---------------------------+-------+-------++-------
  Melee: War axe           |    91 |    24 ||   115
 Armour: Scale mail        |    36 |    15 ||    51
  Dodge: Dodged            |    47 |    15 ||    62
  Block: Buckler           |    22 |     8 ||    30

Table legend: (Time is in decaauts)
 A = Elapsed time spent in this place.
 B = Non-inter-level travel time spent in this place.
 C = Inter-level travel time spent in this place.
 D = Time resting spent in this place.
 E = Time spent auto-exploring this place.
 F = Levels seen in this place.
 G = Mean time per level.
                   A        B        C        D        E       F      G
               +--------+--------+--------+--------+--------+-----+--------+
         Total |   1588 |   1561 |     27 |      0 |   1282 |   3 |  529.3 |
       Dungeon |   1588 |   1561 |     27 |      0 |   1282 |   3 |  529.3 |
               +--------+--------+--------+--------+--------+-----+--------+

Top non-repeatable levels by time:
     D:1: 898 daAuts
     D:2: 580 daAuts
     D:3: 109 daAuts
